Match 46560898
Unlisted

Match 46560898
End
Construct Barracks
1⁄4-ton 4x4 Truck
Selects Armored Battlegroup
Selects Veteran Crews
Riflemen Squad
Riflemen Squad
Infantry Support Center
Riflemen Squad
Selects M31 Recovery Vehicle
Construct Medical Station
Grenade Package
Riflemen Squad
Construct Tank Depot
M1918 Browning Automatic Rifles
Selects War Machine
Selects Strength in Steel
Captain Retinue
Riflemen Squad
Selects Seek and Destroy
Selects UNKNOWN (2160077)
M4A3E8 Sherman Easy Eight
M4A3E8 Sherman Easy Eight
M4A3E8 Sherman Easy Eight
Engineer Squad
Engineer Squad
Seek and Destroy
Printed Circuit Board
Douner
Sad Pepe
gio_misro
0
0

Comments sign in to comment!

No comments posted yet!